 Dungeon Crawl Stone Soup version 0.30-a0-393-g54b8e3be05 (webtiles) character file.

Game seed: 2191313346447138153

60321 Pooter the Basher (level 14, 0/195 HPs)
             Began as a Minotaur Berserker on Dec 5, 2022.
             Was an Elder of Trog.
             Slain by a hell hog (4 damage)
             ... on level 3 of the Abyss on Dec 6, 2022.
             The game lasted 01:34:21 (17433 turns).

Pooter the Basher (Minotaur Berserker)             Turns: 17433, Time: 01:34:22

Health: 0/195      AC: 18    Str: 24    XL:     14   Next: 56%
Magic:  13/13      EV: 14    Int:  6    God:    Trog [****..]
Gold:   993        SH:  0    Dex:  9    Spells: 13/13 levels left

rFire   . . .      SeeInvis .    a - +5 great mace of the Median {vamp, rPois rC+}
rCold   + . .      Faith    .    (shield currently unavailable)
rNeg    . . .      Spirit   .    F - +1 scale mail of the Frog {+Inv Dex-4 Slay+3}
rPois   +          Reflect  .    U - +2 hat {Stlth+}
rElec   .          Harm     +    w - scarf {harm}
rCorr   .          Rampage  .    H - +2 pair of gloves of Lucidity {Dex+2}
Will    +++..                    R - +0 pair of boots
Stlth   ..........               y - amulet of regeneration
HPRegen 2.32/turn                p - +4 ring of protection
MPRegen 0.13/turn                m - +4 ring of evasion

@: berserking, about to teleport, strong-willed, regenerating, very quick
A: horns 2, retaliatory headbutt, shaggy fur 1
a: Renounce Religion, Evoke Invisibility, Berserk, Trog's Hand, Brothers in Arms


You were on level 3 of the Abyss.
You worshipped Trog.
Trog was greatly pleased with you.
You visited 2 branches of the dungeon, and saw 15 of its levels.
You visited the Abyss 1 time.
You also visited: Sewer, Ossuary, Bailey and Ice Cave.

You collected 993 gold pieces.

Inventory:

Hand Weapons
 a - the +5 great mace of the Median (weapon) {vamp, rPois rC+}
   (You found it in a bailey)

   It occasionally heals its wielder for a portion of the damage dealt when it
   wounds a living foe.
   rC:        It protects you from cold.
   rPois:     It protects you from poison.
 b - the +7 shortbow of Makhleb's Benevolence {flame, rPois Int+4}
   (You found it on level 1 of the Lair of Beasts)

   Any ammunition fired from it burns those it strikes, dealing additional fire
   damage.
   Int:       It affects your intelligence (+4).
   rPois:     It protects you from poison.
 k - a +0 morningstar
   (You took it off an orc on level 7 of the Dungeon)
 v - a +2 vorpal flail
   (You took it off an orc priest on level 4 of the Dungeon)
 A - a +0 trident
   (You took it off an orc on level 7 of the Dungeon)
 D - a +3 halberd
   (You took it off an orc in a bailey)
 E - the +3 war axe of an ice cave {speed, rPois rF- rN+}
   (You found it on level 1 of the Lair of Beasts)

   Attacks with this weapon are significantly faster.
   rF:        It makes you vulnerable to fire.
   rPois:     It protects you from poison.
   rN:        It protects you from negative energy.
 V - a +0 arbalest of flaming
   (You took it off an orc warrior on level 9 of the Dungeon)
Missiles
 c - 2 throwing nets {!f}
 l - 32 poisoned darts
 s - 3 boomerangs
 B - 21 javelins (quivered)
 L - a curare-tipped dart
 Q - 177 stones
Armour
 w - a scarf of harm (worn)
   (You found it on level 6 of the Dungeon)
 z - a +8 plate armour
   (You took it off an orc warrior on level 6 of the Dungeon)
 C - a scarf of resistance
   (You found it in an ice cave)
 F - the +1 scale mail of the Frog (worn) {+Inv Dex-4 Slay+3}
   (You found it in a bailey)

   Dex:       It affects your dexterity (-4).
   Slay:      It affects your accuracy & damage with ranged weapons and melee
   (+3).
   +Inv:      It lets you turn invisible.
 H - the +2 pair of gloves of Lucidity (worn) {Dex+2}
   (You found it on level 7 of the Dungeon)

   Dex:       It affects your dexterity (+2).
 R - a +0 pair of boots (worn)
   (You found it on level 10 of the Dungeon)
 U - a +2 hat of stealth (worn)
   (You took it off Gastronok on level 2 of the Lair of Beasts)
Jewellery
 m - a +4 ring of evasion (right hand)
   (You found it on level 2 of the Lair of Beasts)
 p - a +4 ring of protection (left hand)
   (You found it on level 3 of the Dungeon)
 y - an amulet of regeneration (around neck)
   (You found it on level 6 of the Dungeon)
Wands
 e - a wand of polymorph (5)
   (You found it on level 3 of the Lair of Beasts)
 f - a wand of flame (37)
   (You found it on level 8 of the Dungeon)
 x - a wand of acid (7)
   (You took it off a naga on level 2 of the Lair of Beasts)
 P - a wand of charming (8)
   (You found it on level 10 of the Dungeon)
Scrolls
 d - 4 scrolls of fog
 g - 3 scrolls of blinking
 j - 4 scrolls of silence
 o - 2 scrolls of noise {!r}
 t - 4 scrolls of teleportation {@r4}
 G - a scroll of summoning
 J - 4 scrolls of immolation {!r}
 N - a scroll of fear
 S - 2 scrolls of poison {!r}
 T - a scroll of vulnerability {!r}
Potions
 h - 2 potions of invisibility
 n - a potion of mutation {!q}
 q - 3 potions of resistance
 r - 2 potions of ambrosia
 u - 4 potions of attraction {!q}
 I - 11 potions of curing {@q1}
 K - a potion of haste {@q3}
 M - a potion of flight
 O - 2 potions of lignification {!q}


   Skills:
 + Level 13.6 Fighting
 - Level 13.4(16.2) Axes
 * Level 14.9(17.0) Maces & Flails
 + Level 13.6 Ranged Weapons
 + Level 9.0 Throwing
 - Level 2.4 Armour
 - Level 2.1 Dodging
 + Level 6.5 Evocations


You had 13 spell levels left.
You didn't know any spells.
Your spell library was empty.

Dungeon Overview and Level Annotations

Branches:
Dungeon (10/15)            Temple (0/1) D:7            Lair (5/5) D:9
  Swamp (0/4) Lair:2        Snake (0/4) Lair:2        Sewer (visited)
Ossuary (visited)          Bailey (visited)           IceCv (visited)
  Slime: Lair:4-5       Orc: D:9-12

Altars:
Ashenzari
Cheibriados
Gozag
Hepliaklqana
Kikubaaqudgha
Makhleb
Nemelex Xobeh
Okawaru
Sif Muna
Vehumet
Zin

Portals:
Trove: D:10 (give 6 scrolls of fear)


Innate Abilities, Weirdness & Mutations

You have a pair of horns on your head.
You reflexively headbutt those who attack you in melee.
You are covered in fur. (AC +1)


Message History

The hell hog squeals angrily.
You hear an angry squeal.
Your skin crawls.
You feel strong-willed. Trog will no longer gift you weapons.
A hell hog comes into view.
The hell hog breathes fire at you.
The fireball explodes!
The fireball engulfs you!!! The hell hog breathes fire at you.
The fireball explodes!
The fireball engulfs you!
* * * LOW HITPOINT WARNING * * *
As you read the scroll of teleportation {@r4}, it crumbles to dust.
You feel strangely unstable.
You feel the power of the Abyss delaying your translocation!
The hell hog bites you.
* * * LOW HITPOINT WARNING * * *
A red film seems to cover your vision as you go berserk!
You feel yourself moving faster!
You feel mighty! The hell hog barely misses you.
The hell hog bites you but does no damage.
You bludgeon the hell hog!! Your headbutt misses the hell hog.
Something shouts, "Scamper home, thou paunchy folly-fallen pot-faker!"
The hell hog completely misses you. You furiously retaliate!
You headbutt the hell hog!! The hell hog bites you!
* * * LOW HITPOINT WARNING * * *
The hell hog breathes fire at you.
The fireball explodes!
The fireball engulfs the hell hog.
The hell hog completely resists.
The fireball engulfs the hell hog.
The hell hog completely resists.
The fireball engulfs the hell hog.
The hell hog completely resists.
The fireball engulfs you!!
* * * LOW HITPOINT WARNING * * *
You bludgeon the hell hog!!
You kill the hell hog!
Trog accepts your kill.
You bludgeon the hell hog!! The hell hog breathes fire at you.
The fireball explodes!
The fireball engulfs you!!
* * * LOW HITPOINT WARNING * * *
The fireball engulfs the hell hog.
The hell hog completely resists.
The fireball engulfs the hell hog.
The hell hog completely resists.
The hell hog breathes fire at you.
The fireball explodes!
The fireball engulfs you!
* * * LOW HITPOINT WARNING * * *
The fireball engulfs the hell hog.
The hell hog completely resists.
The fireball engulfs the hell hog.
The hell hog completely resists.
The hell hog bites you!
* * * LOW HITPOINT WARNING * * *
A white imp comes into view.
You barely miss the hell hog. You headbutt the hell hog!
The hell hog bites you.
You die...

.#..# ## ...#..#
#.#.#.#.# .....#
#..#.##...#.
..## #.
..##.##.....#
#.#....#..# ..#
# ####....##.##
#.#..#...##
#.##.#.....#...
#.#....@.......
.......h†h..#...
.....###...##
.#.... ##h##
...5. . .. .#.#
... ## .... ...#


You could see 3 hell hogs and a white imp.

Vanquished Creatures
  Gastronok (Lair:2)
  A vault guard (D:10)
  A hydra (Lair:3)
  A rakshasa (Abyss:2)
  3 catoblepae
  A two-headed ogre (D:8)
  A boulder beetle (Lair:3)
  3 death yaks (Lair:2)
  A hell hog (Abyss:3)
  A thrashing horror (Abyss:2)
  A sun demon (Abyss:2)
  A wretched star (Abyss:2)
  The ghost of NinjaNoafa the Basher, a novice AtCA of Ignis (D:8)
  Pikel (D:7)
  A necromancer (IceCv)
  A large abomination (Abyss:2)
  2 ugly things (IceCv)
  A black mamba (Lair:3)
  An ice statue (IceCv)
  11 elephants
  A smoke demon (Lair:5)
  14 cane toads
  2 torpor snails
  An apocalypse crab (Abyss:2)
  An orange demon (Abyss:2)
  A kobold demonologist (D:9)
  An unseen horror (D:10)
  2 rime drakes (Lair:1)
  6 starcursed masses (Abyss:2)
  2 freezing wraiths (IceCv)
  12 ice devils (IceCv)
  10 komodo dragons
  3 anaconda simulacra (IceCv)
  An ancient zyme (Abyss:2)
  A polar bear (shapeshifter) (Lair:5)
  A polar bear (Lair:3)
  A hornet (D:9)
  28 blink frogs
  4 raiju (Abyss:2)
  6 slime creatures (D:8)
  5 dream sheep (Lair:3)
  Sigmund (D:5)
  A flying skull (Abyss:2)
  51 yaks
  2 dire elephant simulacra (IceCv)
  3 wyverns
  2 ynoxinuls (Abyss:2)
  6 basilisks
  2 vampire mosquitoes (D:10)
  A chaos spawn (Lair:5)
  3 death yak simulacra (IceCv)
  A neqoxec (Abyss:2)
  A harpy simulacrum (IceCv)
  2 steam dragons
  3 nagas (Lair:2)
  A hydra simulacrum (IceCv)
  12 water moccasins
  An acid dragon (D:9)
  13 orc warriors
  2 sky beasts
  An ice beast (D:5)
  2 black bears
  2 ogres (D:6)
  14 wolves
  12 centaurs
  2 phantoms
  A lemure (D:7)
  6 small abominations
  2 elf zombies (Ossuary)
  2 kobold brigands (D:9)
  7 bullfrogs
  A gnoll sergeant (D:10)
  2 necrophages
  A scorpion (D:7)
  7 cane toad simulacra (IceCv)
  4 elephant simulacra (IceCv)
  10 howler monkeys
  A crimson imp (D:7)
  A jelly (D:8)
  2 hounds
  A human zombie (Ossuary)
  An iron imp (D:4)
  3 gnoll boudas
  8 orc priests
  3 iguanas
  8 orc wizards
  4 polar bear simulacra (IceCv)
  A troll simulacrum (IceCv)
  A hell rat (Sewer)
  A spriggan simulacrum (IceCv)
  2 wolf simulacra (IceCv)
  A centaur simulacrum (D:8)
  2 hound zombies (Ossuary)
  4 mummies (Ossuary)
  16 gnolls
  7 adders
  3 naga simulacra (IceCv)
  2 river rats (Sewer)
  5 shadow imps (D:6)
  9 white imps
  2 ufetubi
  An adder zombie (Ossuary)
  2 worms (D:2)
  2 dart slugs
  47 orcs
  A ball python (D:3)
  2 endoplasms
  4 giant cockroaches
  7 hobgoblins
  3 quokkas
  4 bats
  6 frilled lizards
  10 goblins
  A jackal zombie (Ossuary)
  12 kobolds
  3 kobold zombies (Ossuary)
  An orc zombie (Ossuary)
  13 rats
  A rat zombie (Ossuary)
530 creatures vanquished.

Vanquished Creatures (collateral kills)
  2 basilisks (Lair:5)
  A water moccasin (Lair:5)
  2 small abominations (Lair:5)
5 creatures vanquished.

Vanquished Creatures (others)
  An orc wizard (D:10)
  7 demonic plants (D:6)
  24 fungi
  18 plants
50 creatures vanquished.

Grand Total: 585 creatures vanquished

Notes
Turn   | Place    | Note
-------+----------+-------------------------------------------
     0 | D:1      | Pooter the Minotaur Berserker began the quest for the Orb.
     0 | D:1      | Reached XP level 1. HP: 19/19 MP: 0/0
   141 | D:1      | Reached XP level 2. HP: 21/27 MP: 1/1
   508 | D:1      | Reached ** piety under Trog
   732 | D:2      | Reached XP level 3. HP: 31/33 MP: 2/2
   845 | D:2      | Reached skill level 1 in Ranged Weapons
  1212 | D:3      | Reached skill level 5 in Axes
  1212 | D:3      | Reached XP level 4. HP: 40/41 MP: 3/3
  1334 | D:3      | Found a glowing drain.
  1338 | Sewer    | Entered a sewer
  1387 | Sewer    | Reached XP level 5. HP: 27/47 MP: 4/4
  2252 | D:4      | Found an iron altar of Okawaru.
  2560 | D:4      | Reached skill level 5 in Fighting
  2581 | D:4      | Found a snail-covered altar of Cheibriados.
  2589 | D:4      | Reached XP level 6. HP: 51/56 MP: 5/5
  2879 | D:5      | Entered Level 5 of the Dungeon
  2913 | D:5      | Noticed Sigmund
  2923 | D:5      | Killed Sigmund
  2998 | D:5      | Reached XP level 7. HP: 45/61 MP: 6/6
  3236 | D:5      | Reached skill level 5 in Ranged Weapons
  3783 | D:6      | Reached XP level 8. HP: 61/70 MP: 7/7
  3943 | D:6      | Found a sparkling altar of Nemelex Xobeh.
  3950 | D:6      | Found a broken altar of Ashenzari.
  3953 | D:6      | Found an opulent altar of Gozag.
  3953 | D:6      | Found a glowing silver altar of Zin.
  3962 | D:6      | Found an ancient bone altar of Kikubaaqudgha.
  4644 | D:6      | Reached *** piety under Trog
  4748 | D:7      | Reached XP level 9. HP: 79/79 MP: 8/8
  4779 | D:7      | Reached skill level 10 in Axes
  4828 | D:7      | Found a flagged portal.
  4844 | Bailey   | Entered a bailey
  7706 | Bailey   | Identified the +5 great mace of the Median {vamp, rPois
                  | rC+}
  7708 | Bailey   | Identified the +1 scale mail of the Frog {+Inv Dex-4
                  | Slay+3}
  8088 | D:7      | Found a staircase to the Ecumenical Temple.
  8210 | D:7      | Identified the +2 pair of gloves of Lucidity {Dex+2}
  8312 | D:7      | Reached XP level 10. HP: 83/84 MP: 9/9
  8371 | D:7      | Found a burning altar of Makhleb.
  8371 | D:7      | Found a radiant altar of Vehumet.
  8376 | D:7      | Reached skill level 1 in Maces & Flails
  8598 | D:7      | Noticed Pikel
  8601 | D:7      | Killed Pikel
  8602 | D:7      | Reached skill level 2 in Maces & Flails
  8602 | D:7      | Reached skill level 1 in Throwing
  8933 | D:8      | Reached skill level 3 in Maces & Flails
  8976 | D:8      | Found a sand-covered staircase.
  8982 | Ossuary  | Entered an ossuary
  8987 | Ossuary  | Reached skill level 10 in Ranged Weapons
  9206 | D:8      | Reached skill level 4 in Maces & Flails
  9255 | D:8      | Noticed a two-headed ogre
  9266 | D:8      | Killed a two-headed ogre
  9267 | D:8      | Reached skill level 5 in Maces & Flails
  9324 | D:8      | Reached skill level 6 in Maces & Flails
  9607 | D:8      | Found a runed translucent door.
  9609 | D:8      | Noticed NinjaNoafa's ghost (novice AtCA)
  9804 | D:8      | Found a shimmering blue altar of Sif Muna.
  9999 | D:8      | Killed NinjaNoafa's ghost
 10069 | D:9      | Reached XP level 11. HP: 86/99 MP: 10/10
 10117 | D:9      | Reached skill level 10 in Fighting
 10585 | D:9      | Reached skill level 7 in Maces & Flails
 10784 | D:9      | Found a hazy altar of Hepliaklqana.
 10887 | D:9      | Found a staircase to the Lair.
 11342 | D:10     | Entered Level 10 of the Dungeon
 11398 | D:10     | Reached skill level 8 in Maces & Flails
 11447 | D:10     | Noticed a vault guard
 11453 | D:10     | Killed a vault guard
 11508 | D:10     | Found a portal to a secret trove of treasure.
 11859 | D:10     | Reached skill level 5 in Throwing
 11917 | D:10     | Reached skill level 9 in Maces & Flails
 12297 | Lair:1   | Entered Level 1 of the Lair of Beasts
 12327 | Lair:1   | Reached **** piety under Trog
 12354 | Lair:1   | Identified the +7 shortbow of Makhleb's Benevolence {flame,
                  | rPois Int+4}
 12434 | Lair:1   | Reached skill level 1 in Evocations
 12679 | Lair:1   | Reached skill level 10 in Maces & Flails
 12819 | Lair:1   | Reached XP level 12. HP: 110/110 MP: 11/11
 12982 | Lair:1   | Identified the +3 war axe of an ice cave {speed, rPois rF-
                  | rN+}
 13064 | Lair:2   | Noticed a death yak
 13078 | Lair:2   | Noticed a death yak
 13080 | Lair:2   | Noticed a death yak
 13084 | Lair:2   | Killed a death yak
 13170 | Lair:2   | Noticed a catoblepas
 13185 | Lair:2   | Killed a catoblepas
 13234 | Lair:2   | Noticed Gastronok
 13246 | Lair:2   | Killed Gastronok
 13247 | Lair:2   | Reached skill level 11 in Maces & Flails
 13432 | Lair:2   | Killed a death yak
 13441 | Lair:2   | Killed a death yak
 13567 | Lair:2   | Found a staircase to the Swamp.
 13588 | Lair:2   | Found a staircase to the Snake Pit.
 13948 | Lair:2   | Reached skill level 12 in Maces & Flails
 14162 | Lair:3   | Noticed a five-headed hydra
 14171 | Lair:3   | Killed a five-headed hydra
 14172 | Lair:3   | Reached XP level 13. HP: 118/118 MP: 12/12
 14210 | Lair:3   | Found a frozen archway.
 14218 | IceCv    | Entered an ice cave
 14294 | IceCv    | Reached ***** piety under Trog
 14431 | IceCv    | Found an ancient bone altar of Kikubaaqudgha.
 14735 | IceCv    | Reached skill level 13 in Maces & Flails
 14895 | Lair:3   | Reached skill level 5 in Evocations
 15543 | Lair:4   | Received a gift from Trog
 15929 | Lair:4   | Reached XP level 14. HP: 129/129 MP: 13/13
 16437 | Lair:5   | Entered Level 5 of the Lair of Beasts
 16511 | Lair:5   | Reached skill level 14 in Maces & Flails
 17007 | Abyss:2  | Cast into level 2 of the Abyss (spriggan)
 17205 | Abyss:2  | Noticed a starcursed mass
 17229 | Abyss:2  | Noticed a hellephant
 17373 | Abyss:2  | Gained mutation: You have hidden genetic defects. [a
                  | neqoxec]
 17378 | Abyss:2  | Lost mutation: You have hidden genetic defects. [potion of
                  | mutation]
 17378 | Abyss:2  | Gained mutation: You are covered in fur. (AC +1) [potion of
                  | mutation]
 17432 | Abyss:3  | HP: 2/195 [hell hog (14)]
 17433 | Abyss:3  | Slain by a hell hog

Illustrated notes

Levels and vault maps discovered:
D:1:      dpeg_arrival_more_subterranean_lakeside_camping, layout_basic
D:2:      layout_rooms
D:3:      layout_basic, gup_sewer_entry_spiral
D:4:      layout_basic, slow_altar_2, okawaru_altar_gauntlet_db
D:5:      layout_basic, serial_park_tiny_pond, minmay_splitting_lines,
          uniq_sigmund
D:6:      layout_loops_ring, nicolae_overflow_hallway_of_the_gods,
          serial_demonic, serial_demonic_b, serial_demonic_d, serial_demonic_e,
          serial_demonic_e, serial_demonic_f, serial_demonic_a
D:7:      layout_basic, grunt_temple_overflow_lords_of_destruction,
          minmay_temple_entry_glassed_door, enter_bailey_4, uniq_pikel
D:8:      layout_basic, marbit_many_paths, nicolae_ossuary_entry_plus,
          ebering_ghost_inner_flame
D:9:      layout_small_grid, worldfamousw_hep_ancestral_shrine,
          dpeg_oklobed_lair, dreamdust_princess_bridge
D:10:     layout_long_grid, enter_trove_5
Lair:1:   layout_loops_ring, ldierk_geyser, serial_bayou_shore_b,
          infiniplex_staircase_pool_2
Lair:2:   layout_long_grid, swamp_mist, guppyfry_snake_entry_island,
          uniq_gastronok
Lair:3:   layout_roguey, portal_ice_cave_entry_pillars_1, lemuel_fruit_tree
Lair:4:   layout_regular_city, serial_rivers, chequers_serial_rivers_room_b,
          chequers_serial_rivers_micro_a, chequers_serial_rivers_small_3,
          chequers_serial_rivers_small_a
Lair:5:   hellmonk_lair_end_abyssal_woods, layout_cave_pods,
          minmay_slime_entry_jelly_boxes, basic_altar
Abyss:3:  base: D:4, kilobyte_mutagenic_chamber, evilmike_abyss_exit_16,
          eino_small_chamber_without_monster,
          hangedman_abyss_or_decor_lesser_grid

Skill      XL: |  1  2  3  4  5  6  7  8  9 10 11 12 13 14 |
---------------+-------------------------------------------+-----
Axes           | 4 5 6 7 8 9 11 12 13 | 13.4
Fighting       | 4 5 6 7 8 9 11 12 13 | 13.6
Ranged Weapons | 1 2 3 4 5 7 9 10 11 12 13 | 13.6
Maces & Flails | 6 10 12 13 14 | 14.9
Throwing       | 3 5 7 8 9 |  9.0
Evocations     | 1 4 5 6 |  6.5
Armour         | |  2.4
Dodging        | |  2.1

Action                   |  1- 3 |  4- 6 |  7- 9 | 10-12 | 13-15 || total
-------------------------+-------+-------+-------+-------+-------++-------
Melee: Hand axe          |    61 |    60 |       |       |       ||   121
       Headbutt          |    10 |    13 |    35 |    54 |    71 ||   183
       Flail             |       |    28 |    32 |       |       ||    60
       Punch             |       |     1 |     1 |       |       ||     2
       War axe           |       |       |   128 |    44 |       ||   172
       Halberd           |       |       |    32 |       |       ||    32
       Great mace        |       |       |     7 |   251 |   367 ||   625
       Shortbow          |       |       |       |       |     3 ||     3
 Fire: Sling             |     4 |    21 |       |       |       ||    25
       Shortbow          |       |       |   177 |   109 |    88 ||   374
       Arbalest          |       |       |       |    40 |       ||    40
Throw: Javelin           |       |       |       |    11 |    22 ||    33
Invok: Berserk           |       |     3 |     4 |     9 |     4 ||    20
       Trog's Hand       |       |     4 |    14 |    13 |    15 ||    46
       Brothers in Arms  |       |       |       |       |     1 ||     1
Evoke: Wand              |       |       |     3 |     1 |     1 ||     5
  Use: Scroll            |     3 |     1 |    10 |    22 |     6 ||    42
       Potion            |       |       |       |       |     5 ||     5
 Stab: Sleeping          |     1 |       |       |       |       ||     1
       Petrified         |       |       |       |       |     1 ||     1
Armor: Animal skin       |    10 |       |       |       |       ||    10
       Scale mail        |     2 |    42 |    34 |   163 |   124 ||   365
       Plate armour      |       |       |   126 |       |       ||   126
       Ice dragon scales |       |       |       |       |    48 ||    48
Dodge: Dodged            |    32 |    47 |   136 |   175 |   256 ||   646

Table legend: (Time is in decaauts)
 A = Elapsed time spent in this place.
 B = Non-inter-level travel time spent in this place.
 C = Inter-level travel time spent in this place.
 D = Time resting spent in this place.
 E = Time spent auto-exploring this place.
 F = Levels seen in this place.
 G = Mean time per level.
                   A        B        C        D        E       F      G
               +--------+--------+--------+--------+--------+-----+--------+
         Total |  17773 |  17431 |    342 |   4640 |   8940 |  21 |  846.3 |
       Dungeon |   9068 |   8824 |    244 |   1596 |   5580 |  10 |  906.8 |
          Lair |   4104 |   4006 |     98 |    352 |   2654 |   5 |  820.8 |
         Abyss |    410 |    410 |      0 |    153 |      0 |   2 |  205.0 |
         Sewer |    205 |    205 |      0 |    104 |     48 |   1 |  205.0 |
       Ossuary |    173 |    173 |      0 |      0 |     98 |   1 |  173.0 |
        Bailey |   3182 |   3182 |      0 |   2361 |    254 |   1 | 3182.0 |
      Ice Cave |    630 |    630 |      0 |     72 |    305 |   1 |  630.0 |
               +--------+--------+--------+--------+--------+-----+--------+

Top non-repeatable levels by time:
  Bailey: 3182 daAuts
     D:9: 1341 daAuts
  Lair:2: 1132 daAuts
     D:7: 1106 daAuts
     D:8: 1028 daAuts
     D:6: 984 daAuts
    D:10: 956 daAuts
  Lair:4: 936 daAuts
     D:3: 936 daAuts
     D:5: 900 daAuts
  Lair:1: 735 daAuts
     D:1: 730 daAuts
  Lair:3: 729 daAuts
     D:4: 660 daAuts
   IceCv: 630 daAuts
